 Dungeon Crawl Stone Soup version 0.26.0-45-g9c1d065592 (webtiles) character file.

Game seed: 14340216399287722965

392 Gnirx the Digger (level 6, -4/32 HPs)
             Began as a Gargoyle Earth Elementalist on Jan 31, 2021.
             Slain by an orc warrior
             ... wielding a +0 scimitar
              (9 damage)
             ... on level 4 of the Dungeon.
             The game lasted 00:10:09 (5450 turns).

Gnirx the Digger (Gargoyle Earth Elementalist)      Turns: 5450, Time: 00:10:10

Health: -4/32      AC:  7    Str: 12    XL:     6   Next: 80%
Magic:  6/12       EV: 11    Int: 17    God:
Gold:   221        SH:  4    Dex: 10    Spells: 7/13 levels left

rFire    . . .     SeeInvis .   F - +0 flail
rCold    . . .     Faith    .   y - +0 buckler
rNeg     + . .     Spirit   .   c - +0 robe
rPois    ∞         Reflect  .   p - +0 helmet (curse)
rElec    +         Harm     .   z - scarf {+Inv}
rCorr    .         Rampage  .   (no gloves)
Will     .....                  (no boots)
Stlth    ++........             t - amulet of regeneration
HPRegen  0.50/turn              (no ring)
MPRegen  0.13/turn              (no ring)

@: no status effects
A: negative energy resistance 1, electricity resistance, unbreathing,
petrification resistance, miasma immunity, AC +4
a: Evoke Invisibility


You were on level 4 of the Dungeon.
You visited 1 branch of the dungeon, and saw 5 of its levels.

You collected 221 gold pieces.

Inventory:

Hand Weapons
 k - a +1 whip
 s - a +0 mace
 F - a +0 flail (weapon)
Missiles
 e - 90 arrows
 q - 77 stones
Armour
 c - a +0 robe (worn)
 g - a +2 tower shield of reflection
 p - a cursed +0 helmet (worn)
 v - a +0 cloak
 y - a +0 buckler (worn)
 z - a scarf of invisibility (worn)
Jewellery
 f - a -4 ring of dexterity
 t - an amulet of regeneration (around neck)
Wands
 C - a wand of paralysis (10)
 D - a wand of iceblast (14)
Scrolls
 a - 4 scrolls of remove curse
 d - 4 scrolls of identify {unknown}
 h - 3 scrolls of enchant weapon
 i - 4 scrolls of magic mapping
 m - 2 scrolls of fear {unknown}
 B - a scroll of fog {unknown}
Potions
 b - 2 potions of lignification {unknown}
 j - 2 potions of curing {unknown}
 l - 2 potions of might {unknown}
 n - 2 potions of flight {unknown}
 o - a potion of haste {unknown}
 r - a potion of brilliance {unknown}
 u - 2 potions of berserk rage {unknown}
 w - a potion of ambrosia {unknown}
 x - 2 potions of heal wounds {unknown}
 A - a potion of invisibility {unknown}
 E - a potion of attraction {unknown}


   Skills:
 - Level 1.7 Maces & Flails
 - Level 1.5 Dodging
 - Level 2.1 Stealth
 * Level 2.3 Shields
 + Level 4.4 Spellcasting
 - Level 0.7 Transmutations
 + Level 6.0 Earth Magic


You had 7 spell levels left.
You knew the following spells:

 Your Spells              Type           Power        Failure   Level
a - Sandblast             Erth           48%          1%          1
b - Passwall              Tmut/Erth      12%          7%          2
c - Stone Arrow           Conj/Erth      28%          16%         3

Your spell library contained the following spells:

 Spells                   Type           Power        Failure   Level
 Lee's Rapid Deconstruct  Erth           12%          38%         5
 Petrify                  Tmut/Erth      15%          43%         4


Dungeon Overview and Level Annotations

Branches:
Dungeon (5/15)
 Temple: D:4-7

Altars:
Nemelex Xobeh
Xom
Zin

Annotations:
D:4 1 runed translucent door, Flure's ghost, novice FoFi
D:5 1 runed translucent door, Crazy Yiuf


Innate Abilities, Weirdness & Mutations

You are resistant to torment.
Your stone body is resilient. (AC +4)
You are immune to poison.
You resist negative energy. (rN+)
You are resistant to electric shocks. (rElec)
You can survive without breathing.
You are immune to petrification.
You are immune to miasma.


Message History

Beogh smites you!
* * * LOW HITPOINT WARNING * * *
The orc warrior barely misses you.
You climb upwards.
Level annotation: 1 runed translucent door, Flure's ghost, novice FoFi
There is a stone staircase leading down here.
Aiming: Sandblast (safe; 1% risk of failure)
Press: ? - help, Q - select action, (/) - cycle Shift-Dir - straight line, f - orc warrior
Aim: an orc warrior, wielding a +0 scimitar and wearing a +0 chain mail (lightly wounded, 22% to evade)
The blast of sand hits the orc warrior but does no damage.
The orc warrior is lightly wounded.
The orc warrior hits you with a +0 scimitar.
* * * LOW HITPOINT WARNING * * *
Aiming: Sandblast (safe; 1% risk of failure)
Press: ? - help, Q - select action, (/) - cycle Shift-Dir - straight line, f/p - orc warrior
Aim: an orc warrior, wielding a +0 scimitar and wearing a +0 chain mail (lightly wounded, 22% to evade)
The blast of sand hits the orc warrior but does no damage.
The orc warrior is lightly wounded.
The orc warrior hits you with a +0 scimitar!
You die...

#..#....######..#### #......
#..###...#.........## #......
...###.....###.###..# ##......
..........## #.# ##.# #.......
...####...# #.# #.# #.#..... ...#
#...## #.# #.## #.#.....
##.######..# #.# #..### #.#.....
##.........###.#####..)###.#.....
.####..........o@.####.....#.....
.###..#+#..#.#........###....####
.....##.##.....####........#..###
##..##...##...############......#
...##.....##.....##### #####..†
#..#⌠.!♣!.W#.##......# ##..
#..##.....##.........# ###
#...##...##...#......# #
#....##⌠##....#......# #


You could see an orc warrior and Flure's ghost.

Vanquished Creatures
  An ogre (D:5)
  A bullfrog zombie (D:5)
  A hound (D:4)
  An orc priest (D:5)
  2 worker ants (D:4)
  5 adders
  5 oozes
  2 adder skeletons
  A worm (D:3)
  2 dart slugs
  7 leopard geckos
  2 orcs (D:5)
  10 bats
  5 giant cockroaches
  6 goblins
  3 hobgoblins
  11 jackals
  A quokka (D:4)
  3 ball pythons
  6 frilled lizards
  A giant cockroach zombie (D:5)
  8 kobolds
  11 rats
95 creatures vanquished.

Notes
Turn   | Place    | Note
-------+----------+-------------------------------------------
     0 | D:1      | Gnirx the Gargoyle Earth Elementalist began the quest for
                  | the Orb.
     0 | D:1      | Reached XP level 1. HP: 10/10 MP: 3/3
   112 | D:1      | Reached skill level 4 in Earth Magic
   280 | D:1      | Reached XP level 2. HP: 3/15 MP: 0/5
   824 | D:1      | Reached XP level 3. HP: 6/19 MP: 4/6
  2485 | D:2      | Reached XP level 4. HP: 22/24 MP: 8/8
  2700 | D:2      | Reached skill level 5 in Earth Magic
  3190 | D:2      | Found a shimmering altar of Xom.
  3396 | D:3      | Learned a level 2 spell: Passwall
  3400 | D:3      | Learned a level 3 spell: Stone Arrow
  3602 | D:3      | Found a glowing silver altar of Zin.
  3695 | D:3      | Found a sparkling altar of Nemelex Xobeh.
  3751 | D:3      | Reached skill level 1 in Maces & Flails
  3751 | D:3      | Reached XP level 5. HP: 25/28 MP: 10/10
  4872 | D:4      | Found a runed translucent door.
  4872 | D:4      | Noticed Flure's ghost (novice FoFi)
  4890 | D:4      | Reached skill level 1 in Shields
  4997 | D:5      | Entered Level 5 of the Dungeon
  5014 | D:5      | Reached XP level 6. HP: 32/32 MP: 11/11
  5304 | D:5      | Found a runed translucent door.
  5305 | D:5      | Noticed Crazy Yiuf
  5351 | D:5      | Noticed an orc warrior
  5373 | D:5      | Reached skill level 6 in Earth Magic
  5450 | D:4      | Slain by an orc warrior

Illustrated notes

Levels and vault maps discovered:
D:1:      elethiomel_arrival_maze, layout_basic
D:2:      layout_loops_ring, marbit_many_paths, chequers_avenue
D:3:      layout_basic, zin_statuary, nemelex_altar_shiori
D:4:      layout_rooms, hellmonk_ghost_happy_afterlife, chequers_jeans,
          minivault_14
D:5:      layout_basic, kennysheep_small_circle, uniq_edmund,
          uniq_crazy_yiuf_cottage

Skill      XL: |  1  2  3  4  5  6 |
---------------+-------------------+-----
Earth Magic    | 4 5 6 |  6.0
Spellcasting   | 3 4 |  4.4
Maces & Flails | 1 |  1.7
Shields        | 1 2 |  2.3
Dodging        | |  1.5
Stealth        | |  2.1
Transmutations | |  0.7

Action                   |  1- 3 |  4- 6 || total
-------------------------+-------+-------++-------
Melee: Unarmed           |   110 |       ||   110
       Whip              |    40 |    29 ||    69
       Mace              |       |   160 ||   160
 Cast: Sandblast         |    32 |    40 ||    72
  Use: Scroll            |     6 |       ||     6
 Stab: Sleeping          |     3 |     1 ||     4
Armor: Robe              |    66 |   121 ||   187
Dodge: Dodged            |   143 |   156 ||   299
Block: Buckler           |       |     8 ||     8
